 Dungeon Crawl Stone Soup version 0.30-a0-50-gb2d611f6b1 (webtiles) character file.

Game seed: 82510315945999139

4022 funnyparkerb the Fighter (level 10, 93/93 HPs)
             Began as a Yellow Draconian Ice Elementalist on Feb 26, 2021.
             Was an Initiate of Gozag.
             Quit the game on level 8 of the Dungeon on Sept 4, 2022.
             The game lasted 00:23:12 (14181 turns).

funnyparkerb the Fighter (DrIE)                    Turns: 14181, Time: 00:23:13

Health: 93/93      AC:  9    Str: 10    XL:     10   Next: 4%
Magic:  14/14      EV: 14    Int: 19    God:    Gozag
Gold:   1396       SH:  0    Dex: 18    Spells: 4/15 levels left

rFire   . . .      SeeInvis .    C - +2 dagger (venom)
rCold   . . .      Faith    .    (no shield)
rNeg    . . .      Spirit   +    (body armour unavailable)
rPois   .          Reflect  .    (helmet restricted)
rElec   .          Harm     .    p - +0 cloak
rCorr   +          Rampage  .    e - +0 pair of gloves
Will    .....                    (no boots)
Stlth   ++........               l - amulet of guardian spirit
HPRegen 0.25/turn                a - ring of wizardry
MPRegen 0.14/turn                h - +6 ring of dexterity

@: no status effects
A: spit acid, AC +7, unfitting armour, cold-blooded, acid resistance
a: Breathe Acid, Renounce Religion, Potion Petition, Call Merchant, Bribe Branch


You were on level 8 of the Dungeon.
You worshipped Gozag.
Gozag was most pleased with you.
You visited 1 branch of the dungeon, and saw 8 of its levels.

You collected 1419 gold pieces.
You paid 23 gold pieces to Gozag.

Inventory:

Hand Weapons
 j - a +2 dagger of holy wrath
 t - a +0 dagger of speed
 C - a +2 dagger of venom (weapon)
Missiles
 g - 207 stones (quivered)
Armour
 e - a +0 pair of gloves (worn)
 p - a +0 cloak (worn)
Jewellery
 a - a ring of wizardry (left hand)
 h - a +6 ring of dexterity (right hand)
 l - an amulet of guardian spirit (around neck)
 y - a ring of see invisible
Wands
 i - a wand of charming (15)
 o - a wand of acid (10)
 u - a wand of flame (21)
Scrolls
 b - 6 scrolls of identify {unknown}
 c - 4 scrolls of blinking
 d - 2 scrolls of enchant weapon {unknown}
 f - 2 scrolls of teleportation {unknown}
 m - 2 scrolls of amnesia {unknown}
 q - a scroll of magic mapping {unknown}
 r - 3 scrolls of removedness
Potions
 k - 3 potions of curing
 n - a potion of heal wounds {unknown}
 s - a potion of attraction {unknown}
 v - a potion of brilliance {unknown}
 w - a potion of degeneration {unknown}
 x - a potion of mutation {unknown}
 z - a potion of flight {unknown}
 A - a potion of cancellation {unknown}
 B - a potion of magic {unknown}


   Skills:
 - Level 10.0 Fighting
 - Level 5.0 Dodging
 - Level 1.7 Stealth
 + Level 3.2 Spellcasting
 - Level 6.2 Conjurations
 - Level 8.2 Ice Magic


You had 4 spell levels left.
You knew the following spells:

 Your Spells              Type           Power      Damage    Failure   Level
a - Freeze                Ice            100%       1d11      1%          1
b - Frozen Ramparts       Ice            68%        1d11      1%          3
c - Ozocubu's Armour      Ice            34%        N/A       1%          3
d - Hailstorm             Conj/Ice       30%        3d8       3%          4

Your spell library contained the following spells:

 Spells                   Type           Power      Damage    Failure   Level
 Summon Ice Beast         Ice/Summ       18%        N/A       11%         4


Dungeon Overview and Level Annotations

Branches:
Dungeon (8/15)             Temple (0/1) D:6            Lair (0/6) D:8

Altars:
Ashenzari
Gozag
Kikubaaqudgha
Nemelex Xobeh
Qazlal
Trog
Uskayaw
Vehumet
Wu Jian
Zin

Shops:
D:6 *


Innate Abilities, Weirdness & Mutations

You can spit globs of acid.
Your golden yellow scales are hard. (AC +7)
You cannot fit into any form of body armour.
You are cold-blooded and may be slowed by cold attacks.
You are resistant to acid. (rCorr)


Message History

You throw a stone. The stone closely misses the centaur.
The wall freezes the centaur.
The centaur shoots an arrow.
The arrow hits you!
The wall freezes the centaur but does no damage.
The centaur shoots an arrow.
The arrow hits you but does no damage.
You throw a stone. The stone barely misses the centaur.
The wall freezes the centaur.
The centaur shoots an arrow.
The arrow barely misses you.
Casting: Frozen Ramparts (safe; 1% risk of failure)
Confirm with . or Enter, or press ? or * to list all spells.
You can't see any susceptible monsters within range! (Use Z to cast anyway.) Unknown command.
You throw a stone. The stone barely misses the centaur.
The wall freezes the centaur.
The centaur shoots an arrow.
The arrow misses you.
The wall freezes the centaur.
You kill the centaur!
No target in view!
No target in view!
No target in view!
No target in view!
The frozen ramparts melt away.
You have got your breath back.
Your icy armour starts to melt.
Your icy armour evaporates.
Magic restored.
HP restored.
You now have 1396 gold pieces (gained 15).
Things that are here:
a +0 shortbow; 23 arrows
g - 207 stones (gained 3)
Found a scale mail.
Save game and exit?
Welcome back, funnyparkerb the Yellow Draconian Ice Elementalist.
Gozag says: Greed is good.
Press ? for a list of commands and other information.
Cast which spell? (? or * to list)
You don't know that spell.
Unknown command.
Cast which spell? (? or * to list)
Okay, then.
Are you sure you want to abandon this character and quit the game? (Confirm with "yes".)

#.### ##..........)# ..
#.#########)# . #..# #.#
. ##.## #.# #..#
####.######## ##.#
#............ #.#
#.##.###..... #.##
#............ #@.#
#........#### .........#
#........#
###......$.#........# $
..'[.......#........#
#.#........#........##..
. ######..##........##..
...#........##..
.#.#.##.###.##..
#.#.##.# #.##..


There were no monsters in sight!

Vanquished Creatures
  Joseph (D:7)
  Maggie (D:7)
  Grinder (D:3)
  A black bear (D:3)
  2 ice beasts (D:8)
  2 sky beasts (D:5)
  4 ogres
  4 centaurs
  A kobold brigand (D:7)
  2 phantoms
  4 bullfrogs
  A gnoll sergeant (D:7)
  2 jellies
  4 scorpions
  6 howler monkeys
  A quasit (D:7)
  5 bullfrog skeletons
  5 hounds
  Crazy Yiuf (D:5)
  2 centaur skeletons
  4 orc priests
  2 iguanas
  5 orc wizards
  4 removed worker ants
  A hound zombie (D:8)
  6 gnolls
  4 adders
  2 shadow imps (D:7)
  A white imp (D:5)
  2 ufetubi (D:5)
  2 adder skeletons
  A worm (D:2)
  A dart slug (D:1)
  29 orcs
  4 removed leopard geckos
  6 bats
  4 giant cockroaches
  8 goblins
  9 hobgoblins
  11 jackals
  5 quokkas
  10 frilled lizards
  A jackal zombie (D:6)
  8 kobolds
  An orc zombie (D:6)
  6 rats
  A removed leopard gecko zombie (D:5)
188 creatures vanquished.

Notes
Turn   | Place    | Note
-------+----------+-------------------------------------------
     0 | D:1      | funnyparkerb the Draconian Ice Elementalist began the quest
                  | for the Orb.
     0 | D:1      | Reached XP level 1. HP: 14/14 MP: 3/3
   265 | D:1      | Reached XP level 2. HP: 19/20 MP: 1/5
  1394 | D:2      | Reached skill level 5 in Ice Magic
  1567 | D:2      | Reached XP level 3. HP: 20/26 MP: 2/6
  1919 | D:2      | Found a radiant altar of Vehumet.
  1923 | D:2      | Found an opulent altar of Gozag.
  2307 | D:2      | Became a worshipper of Gozag Ym Sagoz the Greedy
  2451 | D:3      | Found an ornate altar of the Wu Jian Council.
  2483 | D:3      | You fall into a shaft and drop 1 floor!
  2503 | D:4      | Found a bloodstained altar of Trog.
  2589 | D:4      | Noticed an ogre
  2597 | D:4      | Reached XP level 4. HP: 32/33 MP: 4/8
  2602 | D:4      | Killed an ogre
  2603 | D:4      | Reached XP level 5. HP: 38/38 MP: 0/9
  2607 | D:4      | Learned a level 3 spell: Frozen Ramparts
  2611 | D:4      | Learned a level 3 spell: Ozocubu's Armour
  2857 | D:4      | Reached XP level 6. HP: 38/45 MP: 3/10
  2972 | D:4      | Found a stormy altar of Qazlal.
  3442 | D:3      | Noticed Grinder
  3447 | D:3      | Paralysed by Grinder for 6 turns
  3712 | D:4      | Found a hide-covered altar of Uskayaw.
  3713 | D:4      | Found a glowing silver altar of Zin.
  3935 | D:5      | Entered Level 5 of the Dungeon
  4027 | D:5      | Noticed a sky beast
  4042 | D:5      | Killed a sky beast
  4043 | D:5      | Your scales start taking on a golden yellow colour.
  4043 | D:5      | Reached XP level 7. HP: 42/50 MP: 3/11
  4043 | D:5      | Gained mutation: You are resistant to acid. (rCorr) [Yellow
                  | Draconian growth]
  4120 | D:5      | Learned a level 4 spell: Hailstorm
  5576 | D:5      | Reached skill level 5 in Conjurations
  5576 | D:5      | Reached XP level 8. HP: 48/57 MP: 3/12
  5727 | D:5      | Found a runed translucent door.
  5728 | D:5      | Noticed Crazy Yiuf
  5995 | D:5      | Killed Crazy Yiuf
  6415 | D:6      | Found an ancient bone altar of Kikubaaqudgha.
  6495 | D:6      | Reached skill level 1 in Fighting
  6836 | D:5      | Found a broken altar of Ashenzari.
  7097 | D:6      | Reached skill level 2 in Fighting
  7340 | D:6      | Reached skill level 3 in Fighting
  7494 | D:6      | Found Fahietz's Assorted Antiques.
  7635 | D:6      | Found a staircase to the Ecumenical Temple.
  7996 | D:6      | Reached skill level 4 in Fighting
  8296 | D:7      | Noticed Maggie
  8327 | D:7      | Killed Maggie
  8328 | D:7      | Reached skill level 5 in Fighting
  8328 | D:7      | Reached skill level 6 in Fighting
  8483 | D:7      | Reached XP level 9. HP: 65/78 MP: 2/13
  8484 | D:7      | Reached skill level 7 in Fighting
  8880 | D:7      | Noticed Joseph
 10766 | D:7      | Killed Joseph
 10767 | D:7      | Reached skill level 8 in Fighting
 11281 | D:7      | Reached skill level 9 in Fighting
 12426 | D:7      | Reached skill level 10 in Fighting
 12809 | D:3      | Killed Grinder
 12953 | D:3      | Found a sparkling altar of Nemelex Xobeh.
 13598 | D:8      | Found a staircase to the Lair.
 13667 | D:8      | Reached XP level 10. HP: 58/93 MP: 5/14
 13701 | D:8      | Reached skill level 5 in Dodging
 14181 | D:8      | Upgraded the game from 0.27-a0-417-g317cea8a3c to
                  | 0.30-a0-50-gb2d611f6b1
 14181 | D:8      | Quit the game

Illustrated notes

Levels and vault maps discovered:
D:1:      onia_arrival_pentagram, layout_basic, grunt_decor_junction,
          chequers_serial_rivers_large_a, minmay_misc_feat_chi
D:2:      layout_rooms, nicolae_gozag_seed_capital, lemuel_doored_altar
D:3:      layout_basic, nzn_wu_jian_contemplation, nemelex_spade_bored_becter,
          uniq_grinder
D:4:      layout_cave_pools, gammafunk_temple_overflow_pools,
          kennysheep_little_box, grunt_qazlal_sundering
D:5:      layout_gridville, nicolae_overflow_hidden_temple, st_stairs_2,
          uniq_crazy_yiuf_cottage
D:6:      layout_cave_pods, overflow_temple_1_default,
          minmay_temple_entry_antechambers, serial_shops, kennysheep_mini_moat,
          enter_ossuary_3
D:7:      layout_gridville, uniq_joseph, uniq_maggie
D:8:      minmay_tri_box, layout_basic, lair_entry_dummy

Skill      XL: |  1  2  3  4  5  6  7  8  9 10 |
---------------+-------------------------------+-----
Ice Magic      | 5 6 7 8 |  8.2
Spellcasting   | 3 |  3.2
Conjurations   | 5 6 |  6.2
Fighting       | 6 10 | 10.0
Dodging        | 4 5 |  5.0
Stealth        | |  1.7

Action                   |  1- 3 |  4- 6 |  7- 9 | 10-12 || total
-------------------------+-------+-------+-------+-------++-------
Melee: Unarmed           |    14 |       |       |       ||    14
       Tailslap          |    12 |    10 |    85 |     1 ||   108
       Short sword       |    48 |       |       |       ||    48
       Dagger            |    23 |    79 |   532 |     7 ||   641
Throw: Stone             |    11 |       |    39 |     3 ||    53
 Cast: Freeze            |    38 |    22 |    76 |       ||   136
       Frozen Ramparts   |       |     6 |    33 |     2 ||    41
       Ozocubu's Armour  |       |     2 |    40 |     2 ||    44
       Hailstorm         |       |       |     4 |       ||     4
 Abil: Breathe Acid      |       |       |     8 |     2 ||    10
  Use: Scroll            |       |       |     1 |       ||     1
       Potion            |       |       |     1 |       ||     1
 Stab: Sleeping          |     2 |     1 |     7 |       ||    10
       Distracted        |       |       |     2 |       ||     2
Armor: Skin              |    28 |    51 |   232 |     2 ||   313
Dodge: Dodged            |    86 |    60 |   374 |    11 ||   531

Table legend: (Time is in decaauts)
 A = Elapsed time spent in this place.
 B = Non-inter-level travel time spent in this place.
 C = Inter-level travel time spent in this place.
 D = Time resting spent in this place.
 E = Time spent auto-exploring this place.
 F = Levels seen in this place.
 G = Mean time per level.
                   A        B        C        D        E       F      G
               +--------+--------+--------+--------+--------+-----+--------+
         Total |  14095 |  13423 |    672 |   3127 |   7906 |   8 | 1761.9 |
       Dungeon |  14095 |  13423 |    672 |   3127 |   7906 |   8 | 1761.9 |
               +--------+--------+--------+--------+--------+-----+--------+

Top non-repeatable levels by time:
     D:6: 3480 daAuts
     D:7: 2633 daAuts
     D:5: 2242 daAuts
     D:4: 1379 daAuts
     D:1: 1348 daAuts
     D:3: 1031 daAuts
     D:8: 994 daAuts
     D:2: 985 daAuts
